AoeStats
← Ken

Pilgrims

509559899Analyzed
4v4 RM · 4d ago on Sep 27, 2026· 46m 45s· 8 players
Game mode
Random Map
Map size
Large (8 player)
Population
200
Speed
Normal
Resources
Standard
Victory
Conquest
Starting age
Dark Age
Ending age
Imperial Age
RankedLock teamsTeams togetherTeam positionsShared explorationLock speedFull tech treeHidden civsTurbo modeCheats
Victory
Defeat
🇨🇳 Koreans · China
1014
+16
🇻🇳 Vikings · Vietnam
953
+18
🇺🇸 Japanese · United States
933
+19
🇨🇳 Jurchens · China
891
+22
🇨🇴 Celts · Colombia
1028
-20
🇪🇸 Mongols · Spain
1027
-20
🇨🇴 Khmer · Colombia
981
-18
🇨🇴 Magyars · Colombia
967
-17
shifty3737
6:00 Loom
12:14 Feudal Age
18:57 Castle Age
18:43 Stone Mining
23:04 Squires
22:49 Arson
23:28 Forging
23:18 Scale Mail Armor
26:36 Chain Mail Armor
29:21 Wheelbarrow
30:56 Iron Casting
Ken
4:50 Loom
11:16 Feudal Age
15:35 Castle Age
15:12 Double-Bit Axe
16:28 Gold Mining
16:47 Scale Barding Armor
22:40 Husbandry
31:27 Forging
33:13 Wheelbarrow
38:49 Imperial Age
38:03 Chain Barding Armor
38:19 Iron Casting
39:16 Fletching
40:12 Conscription
40:27 Scale Mail Armor
42:31 Gold Shaft Mining
41:47 Stone Mining
42:42 Cavalier
44:28 Bodkin Arrow
44:49 Chain Mail Armor
44:17 Treadmill Crane
44:34 Murder Holes
45:43 Bracer
46:16 Ballistics
白给
14:35 Feudal Age
16:37 Horse Collar
19:57 Castle Age
18:01 Double-Bit Axe
24:36 Scale Barding Armor
24:42 Forging
29:32 Fletching
34:56 Fortified Bastions
37:13 Iron Casting
36:58 Chain Barding Armor
37:17 Gold Mining
39:53 Gold Shaft Mining
43:17 Imperial Age
45:02 Bloodlines
44:56 Husbandry
47:10 Blast Furnace
46:46 Plate Barding Armor
46:46 Conscription
Benjami
1:27 Loom
10:26 Feudal Age
11:37 Double-Bit Axe
18:35 Castle Age
17:06 Scale Barding Armor
19:03 Forging
18:53 Gold Mining
EihwazTyr
11:59 Feudal Age
10:15 Loom
13:55 Gold Mining
13:52 Double-Bit Axe
23:03 Castle Age
21:38 Forging
22:20 Scale Barding Armor
23:23 Bloodlines
23:38 Horse Collar
25:25 Husbandry
25:50 Fletching
28:06 Light Cavalry
29:05 Bodkin Arrow
30:56 Bow Saw
37:35 Iron Casting
42:20 Imperial Age
41:54 Ballistics
43:04 Murder Holes
DxvidTheGoat
7:19 Loom
14:26 Feudal Age
15:10 Horse Collar
15:20 Double-Bit Axe
26:01 Castle Age
33:15 Castle Age
ThanatosDanilo
11:24 Loom
14:15 Feudal Age
15:45 Town Watch
18:37 Castle Age
16:35 Fishing Lines
18:25 Scale Mail Armor
22:28 Chain Mail Armor
22:42 Fletching
24:30 Forging
42:32 Double-Bit Axe
El Cacas
12:54 Feudal Age
17:55 Castle Age
15:42 Loom
17:20 Double-Bit Axe
18:44 Scale Barding Armor
18:50 Forging
25:51 Chain Barding Armor
29:54 Padded Archer Armor
29:45 Fletching
29:41 Horse Collar
30:39 Wheelbarrow
30:21 Bow Saw
Connection lost

Rejoining the realm…

Still unreachable

The connection could not be restored.

Session expired

The server has moved on; the page needs a fresh start.